 Dungeon Crawl Stone Soup version 0.18.1-48-g4cf74bf (webtiles) character file.

62 mindo the Magician (level 3, -3/19 HPs)
             Began as a Deep Elf Wizard on July 2, 2016.
             Slain by a worker ant (4 damage)
             ... on level 3 of the Dungeon on July 5, 2016.
             The game lasted 00:14:51 (2197 turns).

mindo the Magician (Deep Elf Wizard)                Turns: 2197, Time: 00:14:55

Health: -3/19      AC:  2    Str:  4    XL:     3   Next: 85%
Magic:  6/11       EV: 12    Int: 23    God:
Gold:   176        SH:  0    Dex: 13    Spells: 4 memorised, 4 levels left

rFire  . . .     SeeInvis .     w - +0 mace (crush)
rCold  . . .     Gourm    .     a - +0 robe
rNeg   . . .     Faith    .     (no shield)
rPois  .         Spirit   .     b - +0 hat
rElec  .         Dismiss  .     (no cloak)
rCorr  .         Reflect  .     (no gloves)
SustAt .         Harm     .     (no boots)
MR     .....                    (no amulet)
Stlth  +++.......               (no ring)
                                (no ring)

@: lethally poisoned (-3 -> -26), not resistant to hostile enchantments, fairly
stealthy
A: no striking features
a: no special abilities


You were on level 3 of the Dungeon.
You were not hungry.

You visited 1 branch of the dungeon, and saw 3 of its levels.

You collected 176 gold pieces.

Inventory:

Hand Weapons
 g - a +0 short sword
 w - a +0 mace of crushing (weapon)
Armour
 a - a +0 robe (worn)
 b - a +0 hat (worn)
 v - a +0 pair of boots
Jewellery
 p - an uncursed amulet of harm {unknown}
Scrolls
 e - 4 scrolls of magic mapping {unknown}
 i - 2 scrolls of immolation {unknown}
 k - a scroll of amnesia {unknown}
 m - a scroll of fear {unknown}
 o - a scroll of identify {unknown}
 s - a scroll of recharging {unknown}
 t - a scroll of teleportation {unknown}
 u - a scroll of fog {unknown}
Potions
 x - a potion of resistance {unknown}
Books
 c - a book of Minor Magic

   Spells                             Type                      Level
   a - Magic Dart                     Conjuration                  1
   b - Blink                          Translocation                2
   c - Call Imp                       Summoning                    2
   d - Repel Missiles                 Charms/Air                   2
   e - Slow                           Hexes                        2
   f - Conjure Flame                  Conjuration/Fire             3
   g - Mephitic Cloud                 Conjuration/Poison/Air       3
Comestibles
 d - a bread ration
 j - a meat ration
 l - 3 fruits


   Skills:
 - Level 2.4 Dodging
 + Level 4.0 Stealth
 * Level 5.1 Spellcasting
 + Level 2.2 Conjurations
 - Level 1.1 Summonings
 - Level 1.1 Translocations


You had 4 spell levels left.
You knew the following spells:

 Your Spells              Type           Power        Failure   Level  Hunger
a - Magic Dart            Conj           ###.         3%          1    None
b - Blink                 Tloc           N/A          12%         2    None
c - Call Imp              Summ           ##......     12%         2    None
d - Conjure Flame         Conj/Fire      ##......     21%         3    ##.....


Dungeon Overview and Level Annotations

Branches:
Dungeon (3/15)

Altars:
Cheibriados
Dithmenos
Qazlal


Message History

The worker ant is moderately wounded.
You feel sick. The worker ant barely misses you.
Casting: Magic Dart
Confirm with . or Enter, or press ? or * to list all spells.
Aiming: Magic Dart
Press: ? - help, Shift-Dir - straight line, f/p - worker ant
Aim: a worker ant (moderately wounded)
The magic dart hits the worker ant.
The worker ant is moderately wounded.
You feel sick. The worker ant bites you!
* * * LOW HITPOINT WARNING * * *
You are more poisoned.
The worker ant poisons you!
You barely miss the worker ant.
The worker ant is moderately wounded.
* * * LOW HITPOINT WARNING * * *
You feel very sick.
The worker ant bites you but does no damage.
The worker ant bites you.
You die...

####.# #ยง# ..##
#....# #a# ##...#
#.#### #o# #.o#.#
#.# #o# #.##.# #.#
#.###.#... #.#
#[o....... #.#
#####.#... #.#
#.##.# #@# #)##..
##a## #.####
#...##########.####
#.#.)..............
#...##########o####
##### #(...[ ######


You could see a worker ant.

Vanquished Creatures
  2 adders (D:2)
  A dart slug (D:1)
  A giant gecko (D:1)
  2 giant cockroaches (D:1)
  4 goblins
  3 hobgoblins
  2 ball pythons (D:1)
  6 bats
  A giant newt (D:1)
  4 kobolds
  7 rats
33 creatures vanquished.

Vanquished Creatures (collateral kills)
  An adder (D:2)
  A dart slug (D:2)
  2 orcs (D:3)
  A giant cockroach (D:3)
  A goblin (D:3)
6 creatures vanquished.

Grand Total: 39 creatures vanquished

Notes
Turn   | Place    | Note
--------------------------------------------------------------
     0 | D:1      | mindo the Deep Elf Wizard began the quest for the Orb.
     0 | D:1      | Reached XP level 1. HP: 10/10 MP: 7/7
   399 | D:1      | Reached XP level 2. HP: 15/15 MP: 7/9
   983 | D:2      | Reached skill level 5 in Spellcasting
   983 | D:2      | Reached XP level 3. HP: 19/19 MP: 4/11
   987 | D:2      | Learned a level 2 spell: Blink
   990 | D:2      | Learned a level 2 spell: Call Imp
   994 | D:2      | Learned a level 3 spell: Conjure Flame
  1106 | D:2      | Found a shadowy altar of Dithmenos.
  1378 | D:2      | Found a stormy altar of Qazlal.
  1387 | D:2      | Noticed an air elemental
  1391 | D:2      | Noticed a water elemental
  1391 | D:2      | Noticed a fire elemental
  1391 | D:2      | Noticed an earth elemental
  1704 | D:2      | Found a snail-covered altar of Cheibriados.
  2197 | D:3      | Slain by a worker ant

Skill      XL: |  1  2  3 |
---------------+----------+-----
Stealth        | 3 4 |  4.0
Spellcasting   | 5 |  5.1
Conjurations   | 2 |  2.2
Dodging        | |  2.4
Summonings     | |  1.1
Translocations | |  1.1

Action                   || total
-------------------------++-------
Melee: Unarmed           ||     1
       Mace              ||     2
       Short sword       ||     1
 Cast: Magic Dart        ||    73
       Call Imp          ||    10
       Conjure Flame     ||     5
       Blink             ||     1
  Use: Potion            ||     5
  Eat: Bread ration      ||     1
       Beef jerky        ||     1
Armor: Robe              ||     8
Dodge: Dodged            ||    28
